 Dungeon Sprint DCSS version 0.17-a0-1939-ga475588 (webtiles) character file.

1834 pipel the Fighter (level 9, -2/72 HPs)
             Began as an Octopode Air Elementalist on Sept 29, 2015.
             Was an Elder of Vehumet.
             Slain by a komodo dragon (21 damage)
             ... in the Dungeon (Sprint IX: "|||||||||||||||||||||||||||||").
             The game lasted 00:05:04 (631 turns).

pipel the Fighter (Octopode Air Elementalist)        Turns: 631, Time: 00:05:04

Health: -2/72      AC:  3    Str:  7    XL:     9   Next: 11%
Magic:  23/23      EV: 16    Int: 19    God:    Vehumet [****..]
Gold:   11         SH:  0    Dex: 14    Spells: 4 memorised, 18 levels left

rFire  . . .     SeeInvis .     a - +4 quarterstaff (speed)
rCold  . . .     Clarity  .     (no shield)
rNeg   . . .     SustAt   .     (helmet restricted)
rPois  .         Gourm    .     (no amulet)
rElec  .         Spirit   .     r - +2 ring of evasion
rCorr  .         Warding  .     s - +2 ring of protection
rMut   .         NoTele   +     (no ring)
MR     .....                    (no ring)
Stlth  +++.......               (no ring)
                                (no ring)
                                (no ring)
                                (no ring)

@: repel missiles, not resistant to hostile enchantments, fairly stealthy
A: almost no armour, amphibious, 8 rings, constrict 8, camouflage 1, gelatinous
body 1
a: Renounce Religion


You were in the Dungeon.
You worshipped Vehumet.
Vehumet was greatly pleased with you.
You were very hungry.

You visited 1 branch You collected 11 gold pieces.

Inventory:

Hand weapons
 a - a +4 quarterstaff of speed (weapon)
 i - a +0 dagger
 o - the +2 halberd of Severance {flame, rC+ Str+3 Int-5}
   (You found it in the Dungeon)

   It has been specially enchanted to burn those struck by it, causing extra
   injury to most foes and up to half again as much damage against particularly
   susceptible opponents.
   Big, fiery blades are also staple armaments of hydra-hunters.
   It affects your strength (+3).
   It affects your intelligence (-5).
   It protects you from cold.
Armour
 q - a +0 cloak
Magical staves
 b - an uncursed staff of energy
Jewellery
 r - a +2 ring of evasion (left tentacle)
 s - a +2 ring of protection (right tentacle)
Magical devices
 m - a wand of fire (0)
Scrolls
 h - 4 scrolls of blinking
 k - 3 scrolls of remove curse
 l - 2 scrolls of amnesia
 v - a scroll of fear
 w - 2 scrolls of recharging
Potions
 c - 7 potions of curing
 d - a potion of invisibility
 e - a potion of haste
 f - 3 potions of magic
 g - 3 potions of berserk rage
 j - 3 potions of heal wounds
 u - a potion of resistance
Books
 p - a book of Air

   Spells                             Type                      Level
   a - Shock                          Conjuration/Air              1
   b - Swiftness                      Charms/Air                   2
   c - Repel Missiles                 Charms/Air                   2
   d - Static Discharge               Conjuration/Air              3
   e - Lightning Bolt                 Conjuration/Air              5
Comestibles
 n - a bread ration
 t - 3 chunks of flesh


   Skills:
 + Level 11.1 Fighting
 + Level 4.8 Dodging
 - Level 2.6 Stealth
 + Level 10.8 Spellcasting
 + Level 10.0 Conjurations
 + Level 5.3 Air Magic


You had 18 spell levels left.
You knew the following spells:

 Your Spells              Type           Power        Failure   Level  Hunger
a - Shock                 Conj/Air       ####         1%          1    None
b - Static Discharge      Conj/Air       #####...     1%          3    None
c - Repel Missiles        Chrm/Air       ###...       4%          2    None
d - Lightning Bolt        Conj/Air       #####.....   3%          5    ####...


Dungeon Overview and Level Annotations

Branches:
Dungeon (1/1)

Altars:
Cheibriados
Dithmenos
Elyvilon
Fedhas
Gozag
Kikubaaqudgha
Makhleb
Nemelex Xobeh
Okawaru
Qazlal
Ru
Sif Muna
Trog
Vehumet
Xom
Yredelemnul
Zin
The Shining One
Beogh
Jiyva
Lugonu


Innate Abilities, Weirdness & Mutations

You cannot wear most types of armour.
You are amphibious.
You can wear up to eight rings at the same time.
You can use your tentacles to constrict eight enemies at once.
Your skin changes colour to match your surroundings (Stealth).
Your rubbery body absorbs attacks (AC +1).


Message History

You hear a mighty clap of thunder!
The bolt of lightning hits the komodo dragon.
The komodo dragon is heavily wounded.
The bolt of lightning misses the black mamba.
The bolt of lightning misses the water moccasin.
The bolt of lightning hits the hippogriff.
You kill the hippogriff!
Vehumet accepts your kill.
You feel your power returning.
Your Conjurations skill increases to level 10!
The bolt of lightning hits the porcupine.
The porcupine is severely wounded.
You are feeling very hungry.
The komodo dragon bites you!
* * * LOW HITPOINT WARNING * * *
You take 13 damage, and have 19/72 hp.
You now have 3/23 mp.
Unknown command.
Drink which item? (? for menu, Esc to quit)
Magic courses through your body. The komodo dragon bites you!!
You die...

▓.▓.▓.▓
▓)▓.▓.▓
▓[▓.▓†▓
▓.▓.▓.▓
▓.▓.▓'▓
▓.▓.▓_▓
▓.▓.▓_▓
▓.▓.▓_▓
▓@▓.▓_▓
▓l▓.▓_▓
▓S▓.▓_▓
▓S▓.▓_▓
▓r▓.▓_▓
▓.▓.▓_▓
▓r▓.▓_▓
▓.▓.▓_▓
▓.▓_▓


You could see a komodo dragon, a black mamba, a water moccasin, a porcupine and
a river rat.

Vanquished Creatures
  Maurice (D)
  A spiny frog (D)
  A troll (D)
  A wraith (D)
  A hippogriff (D)
  A vampire mosquito (D)
  An orc warrior (D)
  An ogre (D)
  A crocodile (D)
  2 giant frogs (D)
  A big kobold (D)
  A crimson imp (D)
  A hound (D)
  An iguana (D)
  4 adders (D)
  An adder skeleton (D)
  A bat zombie (D)
  A giant cockroach (D)
  2 kobolds (D)
  A quokka skeleton (D)
  2 rats (D)
27 creatures vanquished.

Vanquished Creatures (others)
  A spatial maelstrom (D)
1 creature vanquished.

Grand Total: 28 creatures vanquished

Notes
Turn   | Place    | Note
--------------------------------------------------------------
     0 | D        | pipel the Octopode Air Elementalist began the quest for the Orb.
     0 | D        | Reached XP level 1. HP: 11/11 MP: 3/3
     8 | D        | Banished a spatial maelstrom
    50 | D        | Noticed a crimson imp
    53 | D        | Reached skill level 1 in Fighting
    53 | D        | Reached XP level 2. HP: 13/19 MP: 2/6
    54 | D        | Reached skill level 4 in Spellcasting
    57 | D        | Killed a crimson imp
    57 | D        | Reached skill level 5 in Spellcasting
    57 | D        | Reached XP level 3. HP: 9/27 MP: 0/9
    66 | D        | Reached XP level 4. HP: 15/34 MP: 1/11
    72 | D        | Found a glowing silver altar of Zin.
    72 | D        | Found a glowing golden altar of the Shining One.
    72 | D        | Found an ancient bone altar of Kikubaaqudgha.
    72 | D        | Found a basalt altar of Yredelemnul.
    72 | D        | Found a shimmering altar of Xom.
    72 | D        | Found a radiant altar of Vehumet.
    73 | D        | Found an iron altar of Okawaru.
    74 | D        | Found a burning altar of Makhleb.
    75 | D        | Found a deep blue altar of Sif Muna.
    76 | D        | Found a bloodstained altar of Trog.
    77 | D        | Found a sparkling altar of Nemelex Xobeh.
    78 | D        | Found a white marble altar of Elyvilon.
    79 | D        | Found a roughly hewn altar of Beogh.
    80 | D        | Became a worshipper of Vehumet
    81 | D        | Found a viscous altar of Jiyva.
    82 | D        | Found a corrupted altar of Lugonu.
    83 | D        | Found a blossoming altar of Fedhas.
    84 | D        | Found a snail-covered altar of Cheibriados.
    85 | D        | Found a shadowy altar of Dithmenos.
    86 | D        | Found a stormy altar of Qazlal.
    87 | D        | Found an opulent altar of Gozag.
    88 | D        | Found a sacrificial altar of Ru.
   106 | D        | Got the +2 halberd of Severance {flame, rC+ Str+3 Int-5}
   122 | D        | Learned a level 3 spell: Static Discharge
   125 | D        | Learned a level 2 spell: Repel Missiles
   389 | D        | Noticed a troll
   389 | D        | Noticed a giant frog
   389 | D        | Noticed a big kobold
   394 | D        | Killed a giant frog
   394 | D        | Reached skill level 5 in Fighting
   394 | D        | Reached skill level 6 in Spellcasting
   394 | D        | Reached XP level 5. HP: 38/41 MP: 8/14
   394 | D        | Acquired Vehumet's first power
   394 | D        | Offered knowledge of Sting by Vehumet.
   397 | D        | Killed a troll
   397 | D        | Reached skill level 8 in Fighting
   397 | D        | Reached XP level 6. HP: 28/50 MP: 9/17
   400 | D        | Killed a big kobold
   408 | D        | Learned a level 5 spell: Lightning Bolt
   445 | D        | Noticed a wraith
   445 | D        | Noticed an ogre
   445 | D        | Noticed an orc warrior
   445 | D        | Noticed a giant frog
   445 | D        | Noticed a hound
   445 | D        | Noticed a vampire mosquito
   447 | D        | Killed an ogre
   447 | D        | Reached XP level 7. HP: 39/56 MP: 19/19
   449 | D        | Killed a giant frog
   449 | D        | Reached skill level 9 in Fighting
   450 | D        | Killed an orc warrior
   450 | D        | Killed a hound
   450 | D        | Acquired Vehumet's second power
   451 | D        | Killed a wraith
   451 | D        | Reached skill level 10 in Fighting
   451 | D        | Reached XP level 8. HP: 7/64 MP: 16/21
   451 | D        | Killed a vampire mosquito
   451 | D        | Reached skill level 10 in Spellcasting
   469 | D        | Noticed Maurice
   482 | D        | Killed Maurice
   623 | D        | Noticed a crocodile
   623 | D        | Noticed an iguana
   623 | D        | Noticed a komodo dragon
   623 | D        | Noticed a black mamba
   623 | D        | Noticed a water moccasin
   623 | D        | Noticed a spiny frog
   624 | D        | Noticed a hippogriff
   627 | D        | Killed a crocodile
   627 | D        | Offered knowledge of Freeze by Vehumet.
   627 | D        | Acquired Vehumet's third power
   627 | D        | Killed an iguana
   629 | D        | Noticed a porcupine
   629 | D        | Killed a spiny frog
   629 | D        | Reached skill level 11 in Fighting
   629 | D        | Reached skill level 5 in Air Magic
   629 | D        | Reached XP level 9. HP: 45/72 MP: 6/23
   630 | D        | Killed a hippogriff
   630 | D        | Reached skill level 10 in Conjurations
   631 | D        | Slain by a komodo dragon

Vault maps used:
D:        linesprint

Action                   |  1- 3 |  4- 6 |  7- 9 || total
-------------------------+-------+-------+-------++-------
Melee: Dagger            |    10 |       |       ||    10
       Quarterstaff      |       |     4 |     4 ||     8
 Cast: Shock             |     7 |     4 |       ||    11
       Repel Missiles    |       |     1 |       ||     1
       Lightning Bolt    |       |       |    10 ||    10
Evoke: Wand              |       |     3 |     4 ||     7
  Use: Potion            |     1 |       |     1 ||     2
 Stab: Sleeping          |       |       |     1 ||     1
